Match 39534473
Unlisted

Match 39534473
End
Kradschützen Motorcycle Team
Selects Panzerjäger Kommand Battlegroup
Selects Mine Fields
Panzergrenadier Squad
Panzergrenadier Squad
Panzergrenadier Squad
Construct Light Support Kompanie
2.5-tonne Medical Truck
Construct Mechanized Kompanie
Veteran Squad Leaders
8 Rad Armored Car
Selects Defensive Positions
Selects Butterfly Bomb Drop
Panzerjäger Mechanized Group
Construct Panzerarmee Kommand
BigTiddyLebron
kreumat
Flo
Tachu
0
0

Comments sign in to comment!

No comments posted yet!